 Dungeon Crawl Stone Soup version 0.14-a0-2124-ga163777 (webtiles) character file.

262 Kae the Sneak (level 4, -1/21 HPs)
             Began as a Spriggan Enchanter on Jan 27, 2014.
             Slain by a hobgoblin
             ... wielding a +2,+2 orcish mace
              (9 damage)
             ... on Level 3 of the Dungeon.
             The game lasted 00:03:18 (2593 turns).

Kae the Sneak (Spriggan Enchanter)                  Turns: 2593, Time: 00:03:18

HP  -1/21        AC  3     Str  5      XL: 4   Next: 97%
MP   7/13        EV 18     Int 16      God:
Gold 127         SH  0     Dex 16      Spells:  3 memorised,  3 levels left

rFire  . . .     SeeInvis +     a - +1 dagger
rCold  . . .     Clarity  .     b - +1 robe
rNeg   . . .     Conserve .     (shield restricted)
rPois  .         rCorr    .     (helmet restricted)
rElec  .         rRot     .     (no cloak)
SustAb . .       Spirit   .     (gloves unavailable)
rMut   .         Warding  .     (boots unavailable)
Saprov . . .     Stasis   .     (no amulet)
MR     .....                    (no ring)
                                (no ring)

@: very quick, not resistant to hostile enchantments, quite stealthy
A: unfitting armour, see invisible, herbivore 3, speed 3, slow metabolism 2
a: no special abilities


You were on level 3 of the Dungeon.
You were very hungry.

You visited 1 branch of the dungeon, and saw 3 of its levels.

You collected 127 gold pieces.

Inventory:

Hand weapons
 a - a +1,+1 dagger (weapon)
Missiles
 d - 12 darts (quivered)
 n - 5 tomahawks
Armour
 b - a +1 robe (worn)
Magical devices
 p - a wand of slowing (5)
Comestibles
 i - a pear
 j - 3 bread rations
 q - an orange
Scrolls
 f - 3 scrolls of identify {unknown}
 g - a scroll of magic mapping {unknown}
 k - 3 scrolls of teleportation {unknown}
 l - 2 scrolls of remove curse {unknown}
 o - a scroll of recharging {unknown}
 r - a scroll of amnesia {unknown}
 u - a scroll of random uselessness {unknown}
Jewellery
 m - a cursed -2,-3 ring of slaying {unknown}
Potions
 e - a potion of porridge
 h - a potion of curing {unknown}
 s - 2 potions of agility {unknown}
 t - a potion of poison {unknown}
Books
 c - a book of Maledictions

   Spells                             Type                      Level
   *Corona                            Hexes                        1
   Sure Blade                         Hexes/Charms                 2
   *Ensorcelled Hibernation           Hexes/Ice                    2
   *Confuse                           Hexes                        3
   Enslavement                        Hexes                        4
   Invisibility                       Hexes                        6


   Skills:
 * Level 2.6 Short Blades
 - Level 1.1 Throwing
 - Level 3.0 Dodging
 * Level 5.4 Stealth
 + Level 3.4 Spellcasting
 + Level 4.6 Hexes


You had 3 spell levels left.
You knew the following spells:

 Your Spells              Type           Power        Failure   Level  Hunger
a - Corona                Hex            ###....      2%          1    None
b - Ensorcelled Hibernat  Hex/Ice        ##....       12%         2    ##.....
c - Confuse               Hex            ###.....     10%         3    ###....


Dungeon Overview and Level Annotations

Branches:
Dungeon (3/16)

Altars:
Cheibriados


Innate Abilities, Weirdness & Mutations

You are tiny and cannot use many weapons and most armour.
You have supernaturally acute eyesight.
You are a herbivore.
You cover ground extremely quickly.
You need consume almost no food.


Message History

You impale the worm!!
You kill the worm!
You start resting.
A hobgoblin is nearby!
A hobgoblin is nearby!
Things that are here:
6 gold pieces; an uncursed orcish dagger; an orcish robe You are too injured to fight recklessly!
You are too injured to fight recklessly!
You are too injured to fight recklessly!
Casting: Ensorcelled Hibernation
Confirm with . or Enter, or press ? or * to list all spells.
Aiming: Ensorcelled Hibernation
Press: ? - help, Shift-Dir - straight line, f - hobgoblin
Aim: a hobgoblin, wielding an orcish mace The hobgoblin looks drowsy...
You are feeling very hungry.
The hobgoblin shouts!
The hobgoblin hits you with an orcish mace!
You die...

##. #.........## . #.#
##♣#♣.♣.♣... #### . # .# ..#
##.#...## ... .... .# #.#
#♣.♣#### ..##....##.# #.#
###.### ........ ?.# #.#
####.....#### ♣.♣..... #.##
#$####............
....♣##.##..#
#.##..........####
.....###....####@##.#.##.....#
.....♣##........g...#.##.....#
......##.####.##.####<########
.....♣#.........)...).#
.........##.######.####
....♣.##.##..## #.##### ##
♣.♣...##.#♣♣.♣####...P.## #.
......##.♣♣..♣....(PP...## #.
##.#####♣♣♣..P#.#...♣.P..# ##.


You could see a hobgoblin.

Vanquished Creatures
  2 orc wizards (D:3)
  A giant mite (D:2)
  5 worms
  An ooze (D:3)
  2 orcs (D:3)
  4 hobgoblins
  2 bats
  2 giant cockroaches (D:1)
  4 giant geckos
  2 giant newts
  11 goblins
  5 jackals
  4 kobolds
  4 rats
49 creatures vanquished.

Notes
Turn   | Place    | Note
--------------------------------------------------------------
     0 | D:1      | Kae, the Spriggan Enchanter, began the quest for the Orb.
     0 | D:1      | Reached XP level 1. HP: 9/9 MP: 4/4
   262 | D:1      | Reached XP level 2. HP: 13/13 MP: 7/7
   333 | D:1      | Learned a level 2 spell: Ensorcelled Hibernation
   745 | D:2      | Reached skill level 4 in Stealth
   782 | D:2      | Reached XP level 3. HP: 13/16 MP: 8/11
   787 | D:2      | Learned a level 3 spell: Confuse
   845 | D:2      | Found a snail-covered altar of Cheibriados.
  1755 | D:3      | Reached XP level 4. HP: 14/21 MP: 13/13
  2221 | D:3      | Reached skill level 5 in Stealth
  2593 | D:3      | Slain by a hobgoblin

Action                   |  1- 3 |  4- 6 || total
-------------------------+-------+-------++-------
Melee: Dagger            |   118 |    63 ||   181
 Cast: Corona            |     4 |       ||     4
       Ensorcelled Hiber |    14 |    14 ||    28
 Stab: Sleeping          |    17 |     7 ||    24
